 Dungeon Crawl Stone Soup version 0.30-a0-371-gad7725a93e (webtiles) character file.

Game seed: 168200439715346308

60 IdlyInterested the Sneak (level 3, 0/27 HPs)
             Began as a Demonspawn Wanderer on Nov 21, 2022.
             Slain by a gnoll
             ... wielding a +0 flail
              (4 damage)
             ... on level 3 of the Dungeon.
             The game lasted 00:05:30 (1605 turns).

IdlyInterested the Sneak (Demonspawn Wanderer)      Turns: 1605, Time: 00:05:31

Health: 0/27       AC:  6    Str:  9    XL:     3   Next: 82%
Magic:  5/5        EV: 10    Int: 14    God:
Gold:   146        SH:  4    Dex: 16    Spells: 5/5 levels left

rFire   . . .      SeeInvis .    a - +2 falchion
rCold   . . .      Faith    .    p - +0 buckler
rNeg    . . .      Spirit   .    d - +1 robe
rPois   .          Reflect  .    (no helmet)
rElec   .          Harm     .    (no cloak)
rCorr   .          Rampage  .    (no gloves)
Will    .....                    b - +0 pair of boots
Stlth   ++........               (no amulet)
HPRegen 0.24/turn                f - ring of flight
MPRegen 0.09/turn                (no ring)

@: flying, hasted, very quick
A: slimy green scales 1
a: no special abilities


You were on level 3 of the Dungeon.
You visited 1 branch of the dungeon, and saw 3 of its levels.

You collected 146 gold pieces.

Inventory:

Hand Weapons
 a - a +2 falchion (weapon)
 c - a +0 dagger of distortion
 j - a +0 mace
 k - a +0 short sword
 n - a +0 spear
Missiles
 e - 22 stones (quivered)
Armour
 b - a +0 pair of boots (worn)
 d - a +1 robe (worn)
 l - a +0 leather armour
 p - a +0 buckler (worn)
Jewellery
 f - a ring of flight (left hand)
Scrolls
 m - 2 scrolls of enchant armour
 o - a scroll of poison {unknown}
 q - a scroll of immolation {unknown}
Potions
 g - a potion of haste
 h - 2 potions of magic


   Skills:
 - Level 2.0 Fighting
 - Level 2.0 Long Blades
 - Level 1.0 Throwing
 - Level 2.0 Stealth
 * Level 0.3 Shields
 * Level 1.9 Spellcasting
 - Level 2.0 Air Magic
 - Level 2.0 Invocations
 - Level 1.0 Evocations


You had 5 spell levels left.
You didn't know any spells.
Your spell library contained the following spells:

 Spells                   Type           Power      Damage    Failure   Level
 Poisonous Vapours        Pois/Air       8%         N/A       32%         2
 Cigotuvi's Dreadful Rot  Necr/Pois/Air  6%         N/A       36%         2


Dungeon Overview and Level Annotations

Branches:
Dungeon (3/15)

Altars:
Kikubaaqudgha


Innate Abilities, Weirdness & Mutations

You are partially covered in slimy green scales. (AC +2)


Message History

The gnoll hits you from afar with a +0 spear.
The gnoll closely misses you.
You hit the gnoll.
The gnoll is almost dead.
The gnoll hits you from afar with a +0 spear.
The gnoll hits you with a +0 spear.
* * * LOW HITPOINT WARNING * * *
You closely miss the gnoll.
The gnoll is almost dead.
You block the gnoll's attack. The gnoll hits you but does no damage.
You closely miss the gnoll.
The gnoll is almost dead.
The gnoll barely misses you. You block the gnoll's attack.
You slash the gnoll!
You kill the gnoll!
The gnoll closely misses you.
Training target 2.0 for Fighting reached!
Your Fighting skill increases to level 2!
Things that are here:
a +0 spear; a gnoll corpse You slash the gnoll!
The gnoll is almost dead.
The gnoll hits you with a +0 spear.
* * * LOW HITPOINT WARNING * * *
The gnoll barely misses you.
You hit the gnoll.
You kill the gnoll!
The gnoll closely misses you.
You closely miss the gnoll. The gnoll closely misses you.
The gnoll barely misses you.
You closely miss the gnoll. You closely miss the gnoll.
The gnoll barely misses you. x2
You hit the gnoll.
The gnoll is lightly wounded.
You block the gnoll's attack. The gnoll hits you with a +0 flail.
* * * LOW HITPOINT WARNING * * *
You slash the gnoll!
The gnoll is severely wounded.
The gnoll hits you with a +0 flail.
You die...

#. #. #.# ##.# #.#
.... #.# #..######
#.# .
#.......#####.##.
##...###.........
.....# #.#####.#####
##...###...(..gg@..#
#.#.......(...#####
#.............#
##......####g##
###.###### #.# ...)#
#g# ##..# #.# #..#
#.# #<.# #.#


You could see 2 gnolls.

Vanquished Creatures
  2 gnolls (D:3)
  An orc (D:3)
  4 bats
  2 giant cockroaches (D:1)
  6 goblins
  A hobgoblin (D:2)
  4 jackals (D:1)
  11 ball pythons
  3 frilled lizards
  A kobold (D:1)
  5 rats
40 creatures vanquished.

Notes
Turn   | Place    | Note
-------+----------+-------------------------------------------
     0 | D:1      | IdlyInterested the Demonspawn Wanderer began the quest for
                  | the Orb.
     0 | D:1      | IdlyInterested set off with the following items: a +2
                  | falchion, a +0 pair of boots, a potion of curing, a +0
                  | robe; and the following spells available to memorise:
                  | Poisonous Vapours, Cigotuvi's Dreadful Rot.
     0 | D:1      | Reached XP level 1. HP: 13/13 MP: 2/2
   209 | D:1      | Gained mutation: You are partially covered in slimy green
                  | scales. (AC +2) [demonic ancestry]
   209 | D:1      | Reached XP level 2. HP: 19/20 MP: 3/3
   240 | D:1      | HP: 1/20 [goblin/+0 dagger of distortion (2)]
   246 | D:1      | Reached skill level 1 in Fighting
   944 | D:2      | Reached XP level 3. HP: 26/26 MP: 4/4
   999 | D:2      | Found an ancient bone altar of Kikubaaqudgha.
  1353 | D:2      | Found a faded altar of an unknown god.
  1605 | D:3      | Slain by a gnoll

Illustrated notes

Levels and vault maps discovered:
D:1:      lightli_arrival_isolated_outpost, layout_basic,
          corexii_item_surrounded_by_moat
D:2:      layout_loops_ring, ebering_ecumenical_altar_petrified, basic_altar,
          chequers_serial_rivers_micro_b
D:3:      minmay_octagon_keep, layout_loops_ring, slow_altar_1,
          nicolae_uskayaw_murder_on_the_dancefloor, tso_metal_star

Skill      XL: |  1  2  3 |
---------------+----------+-----
Stealth        | 2 |  2.0
Long Blades    | 2 |  2.0
Fighting       | 1 2 |  2.0
Invocations    | 2 |  2.0
Air Magic      | 2 |  2.0
Throwing       | |  1.0
Shields        | |  0.3
Spellcasting   | |  1.9
Evocations     | |  1.0

Action                   || total
-------------------------++-------
Melee: Falchion          ||   112
Throw: Javelin           ||     3
       Stone             ||     1
  Use: Potion            ||     2
       Scroll            ||     5
 Stab: Sleeping          ||     5
Armor: Robe              ||    46
Dodge: Dodged            ||    84
Block: Buckler           ||    11

Table legend: (Time is in decaauts)
 A = Elapsed time spent in this place.
 B = Non-inter-level travel time spent in this place.
 C = Inter-level travel time spent in this place.
 D = Time resting spent in this place.
 E = Time spent auto-exploring this place.
 F = Levels seen in this place.
 G = Mean time per level.
                   A        B        C        D        E       F      G
               +--------+--------+--------+--------+--------+-----+--------+
         Total |   1625 |   1511 |    114 |     34 |    972 |   3 |  541.7 |
       Dungeon |   1625 |   1511 |    114 |     34 |    972 |   3 |  541.7 |
               +--------+--------+--------+--------+--------+-----+--------+

Top non-repeatable levels by time:
     D:1: 884 daAuts
     D:2: 654 daAuts
     D:3: 87 daAuts
